 Dungeon Crawl Stone Soup version 0.19.0-2-gae57169 (webtiles) character file.

198 lorenzova the Magician (level 5, -4/28 HPs)
             Began as a Deep Elf Conjurer on Nov 5, 2016.
             Slain by a gnoll
             ... wielding a +0 flail
              (11 damage)
             ... on level 2 of the Dungeon.
             The game lasted 00:05:52 (2056 turns).

lorenzova the Magician (Deep Elf Conjurer)          Turns: 2056, Time: 00:05:52

Health: -4/28      AC:  3    Str:  5    XL:     5   Next: 47%
Magic:  3/15       EV: 13    Int: 21    God:
Gold:   107        SH:  0    Dex: 15    Spells: 2 memorised, 11 levels left

rFire  . . .     SeeInvis .     d - +0 short sword
rCold  . . .     Gourm    .     a - +0 robe
rNeg   . . .     Faith    .     (no shield)
rPois  .         Spirit   .     (no helmet)
rElec  .         Reflect  .     (no cloak)
rCorr  .         Harm     .     o - +0 pair of gloves
MR     .....                    (no boots)
Stlth  +++.......               (no amulet)
                                (no ring)
                                h - ring of stealth

@: no status effects
A: no striking features
a: no special abilities


You were on level 2 of the Dungeon.
You were very hungry.

You visited 1 branch of the dungeon, and saw 3 of its levels.

You collected 107 gold pieces.

Inventory:

Hand Weapons
 d - a +0 short sword (weapon)
Armour
 a - a +0 robe (worn)
 o - a +0 pair of gloves (worn)
Jewellery
 h - a ring of stealth (left hand)
Wands
 p - a wand of flame (9/48)
Scrolls
 e - a scroll of teleportation {unknown}
 g - 3 scrolls of identify {unknown}
 j - a scroll of amnesia {unknown}
 m - a scroll of remove curse {unknown}
 n - a scroll of immolation {unknown}
Potions
 f - 3 potions of cancellation {unknown}
 i - a potion of heal wounds {unknown}
 k - a potion of resistance {unknown}
 l - a potion of mutation {unknown}
Books
 b - a book of Conjurations

   Spells                             Type                      Level
   a - Magic Dart                     Conjuration                  1
   b - Searing Ray                    Conjuration                  2
   c - Dazzling Spray                 Conjuration/Hexes            3
   d - Fulminant Prism                Conjuration/Hexes            4
   e - Iskenderun's Mystic Blast      Conjuration                  4
   f - Iskenderun's Battlesphere      Conjuration/Charms           5
Comestibles
 c - a bread ration
 q - 4 fruits


   Skills:
 - Level 2.4 Dodging
 - Level 2.4 Stealth
 + Level 6.1 Spellcasting
 + Level 5.9 Conjurations


You had 11 spell levels left.
You knew the following spells:

 Your Spells              Type           Power        Failure   Level  Hunger
a - Magic Dart            Conj           ####         1%          1    None
c - Iskenderun's Mystic   Conj           ####....     10%         4    ####...


Dungeon Overview and Level Annotations

Branches:
Dungeon (3/15)

Altars:
Trog

Annotations:
D:3 Rationalist's ghost, amateur DsGl


Message History

Casting: Iskenderun's Mystic Blast
Confirm with . or Enter, or press ? or * to list all spells.
Aiming: Iskenderun's Mystic Blast
Press: ? - help, Shift-Dir - straight line, f/p - gnoll
Aim: a gnoll, wielding a flail The orb of energy hits the gnoll.
You kill the gnoll!
Your Spellcasting skill increases to level 6!
The orb of energy explodes!
The mystic blast hits the gnoll.
You kill the gnoll!
The gnoll barely misses you.
Casting: Iskenderun's Mystic Blast
Confirm with . or Enter, or press ? or * to list all spells.
Aiming: Magic Dart
Press: ? - help, Shift-Dir - straight line, f - gnoll
Aim: a gnoll, wielding a flail (lightly wounded)
The magic dart hits the gnoll.
The gnoll is lightly wounded.
The gnoll hits you with a flail!
You die...

## #.###.# .#
#####.###.#
.###.......#.##########
..##.......#..........#
#.##.......##########.#
#.##[......# #####.#
#..#.......# #[....#
##.#####.##########.###
..............))@g..#
###.###.......#######
#..##.......#
##.##.......#
#(##.(.....#
#.....#.#### #..####.#
#..# #.# #..####.###


You could see a gnoll.

Vanquished Creatures
  Terence (D:2)
  2 orc wizards (D:3)
  2 gnolls (D:2)
  4 adders
  A worm (D:2)
  4 dart slugs
  3 leopard geckos
  An orc (D:3)
  2 giant cockroaches
  5 goblins
  3 hobgoblins
  12 kobolds
  2 quokkas
  3 ball pythons
  8 bats
  3 frilled lizards
  7 rats
63 creatures vanquished.

Notes
Turn   | Place    | Note
-------+----------+-------------------------------------------
     0 | D:1      | lorenzova the Deep Elf Conjurer began the quest for the Orb.
     0 | D:1      | Reached XP level 1. HP: 10/10 MP: 6/6
   187 | D:1      | You fall through a shaft!
   196 | D:2      | Reached XP level 2. HP: 15/15 MP: 6/8
   359 | D:2      | Reached skill level 4 in Spellcasting
   534 | D:1      | Reached XP level 3. HP: 19/19 MP: 6/10
   914 | D:1      | Reached skill level 5 in Conjurations
  1082 | D:2      | Found a bloodstained altar of Trog.
  1293 | D:2      | Noticed Terence
  1297 | D:2      | Killed Terence
  1297 | D:2      | Reached skill level 5 in Spellcasting
  1297 | D:2      | Reached XP level 4. HP: 24/24 MP: 8/13
  1338 | D:2      | Learned a level 4 spell: Iskenderun's Mystic Blast
  1753 | D:3      | Reached XP level 5. HP: 14/28 MP: 10/15
  1862 | D:3      | Noticed Rationalist's ghost (amateur DsGl)
  2055 | D:2      | Reached skill level 6 in Spellcasting
  2056 | D:2      | Slain by a gnoll

Skill      XL: |  1  2  3  4  5 |
---------------+----------------+-----
Spellcasting   | 4 5 6 |  6.1
Conjurations   | 5 |  5.9
Dodging        | |  2.4
Stealth        | |  2.4

Action                   |  1- 3 |  4- 6 || total
-------------------------+-------+-------++-------
Melee: Short sword       |     5 |     2 ||     7
 Cast: Magic Dart        |    81 |    46 ||   127
       Iskenderun's Myst |       |     2 ||     2
  Eat: Chunk             |     1 |     1 ||     2
Armor: Robe              |     3 |     8 ||    11
Dodge: Dodged            |     6 |    26 ||    32
